 Dungeon Crawl Stone Soup version 0.25-a0-577-ga4619f409e (webtiles) character file.

Game seed: 2286273027426276975, levelgen mode: deterministic

240 Flugslaktarn the Chopper (level 5, -5/47 HPs)
             Began as a Minotaur Fighter on Mar 3, 2020.
             Killed from afar by Dowan (16 damage)
             ... with a shard of ice
             ... on level 4 of the Dungeon.
             The game lasted 00:00:33 (1216 turns).

Flugslaktarn the Chopper (Minotaur Fighter)         Turns: 1216, Time: 00:00:33

Health: -5/47      AC: 11    Str: 21    XL:     5   Next: 79%
Magic:  0/4        EV:  5    Int:  5    God:
Gold:   47         SH:  9    Dex: 10    Spells: 4/4 levels left

rFire    + . .     SeeInvis .   a - +0 war axe
rCold    . . .     Gourm    .   c - +0 kite shield
rNeg     . . .     Faith    .   o - +2 chain mail {rF+}
rPois    .         Spirit   +   (helmet restricted)
rElec    .         Reflect  .   (no cloak)
rCorr    .         Harm     .   (no gloves)
MR       .....                  (no boots)
Stlth    ..........             f - amulet of guardian spirit
HPRegen  0.15/turn              (no ring)
MPRegen  0.09/turn              (no ring)

@: no status effects
A: retaliatory headbutt, horns 2
a: no special abilities


You were on level 4 of the Dungeon.
You were not hungry.

You visited 1 branch of the dungeon, and saw 4 of its levels.

You collected 47 gold pieces.

Inventory:

Hand Weapons
 a - a +0 war axe (weapon)
Armour
 b - a +0 scale mail
 c - a +0 kite shield (worn)
 o - a +2 chain mail of fire resistance (worn)
   (You took it off an orc on level 4 of the Dungeon)
Jewellery
 f - an amulet of guardian spirit (around neck)
   (You found it on level 1 of the Dungeon)
Scrolls
 g - a scroll of identify {unknown}
 i - 2 scrolls of fog {unknown}
 j - a scroll of enchant armour {unknown}
 k - a scroll of remove curse {unknown}
 l - a scroll of amnesia {unknown}
 p - a scroll of immolation {unknown}
Potions
 d - a potion of might
 h - a potion of ambrosia {unknown}
 m - a potion of degeneration {unknown}
Comestibles
 e - 3 rations
 n - 3 chunks of flesh


   Skills:
 + Level 4.8 Fighting
 * Level 5.0 Axes
 + Level 4.7 Armour
 + Level 4.8 Shields


You had 4 spell levels left.
You didn't know any spells.
Your spell library was empty.

Dungeon Overview and Level Annotations

Branches:
Dungeon (4/15)
 Temple: D:4-7

Altars:

Annotations:
D:4 Dowan


Innate Abilities, Weirdness & Mutations

You reflexively headbutt those who attack you in melee.
You have a pair of horns on your head.


Message History

Dowan hits you with a +0 dagger.
* * * LOW HITPOINT WARNING * * *
You are too injured to fight recklessly!
You are too injured to fight recklessly!
You are too injured to fight recklessly!
You are too injured to fight recklessly!
You are too injured to fight recklessly!
You are too injured to fight recklessly!
You are too injured to fight recklessly!
You are too injured to fight recklessly!
You closely miss Dowan. You headbutt Dowan.
Dowan is almost dead.
You block Dowan's attack.
Dowan gestures wildly while chanting.
Dowan blinks!
Found a glowing coppery potion.
Unknown command.
Dowan points at you and mumbles some strange words.
The shard of ice hits you!
You die...

##....!..##
#.........#
#.........#
#.........####
#............#
#............#
#............###
#...@e..........
#..........).#
#............#
#............####
##.........#....##
##.....##.####..##
########..##....#
##.#(....##
#........#


You could see Dowan.

Vanquished Creatures
  Duvessa (D:4)
  A scorpion (D:4)
  A worker ant (D:4)
  3 adders
  A worm (D:2)
  A dart slug (D:2)
  A leopard gecko (D:4)
  6 orcs (D:4)
  A bat (D:2)
  2 giant cockroaches (D:2)
  A goblin (D:3)
  A kobold (D:2)
  2 quokkas (D:2)
  A ball python (D:1)
  A leopard gecko skeleton (D:4)
  A rat (D:3)
25 creatures vanquished.

Notes
Turn   | Place    | Note
-------+----------+-------------------------------------------
     0 | D:1      | Flugslaktarn the Minotaur Fighter began the quest for the
                  | Orb.
     0 | D:1      | Reached XP level 1. HP: 19/19 MP: 0/0
   264 | D:2      | Reached XP level 2. HP: 18/27 MP: 1/1
   411 | D:2      | Reached skill level 3 in Axes
   528 | D:3      | Reached XP level 3. HP: 23/33 MP: 2/2
   685 | D:3      | Found a faded altar of an unknown god.
   743 | D:4      | Noticed a scorpion
   748 | D:4      | Killed a scorpion
   748 | D:4      | Reached XP level 4. HP: 28/40 MP: 1/3
   994 | D:4      | Reached skill level 4 in Axes
  1177 | D:4      | Noticed Dowan
  1178 | D:4      | Noticed Duvessa
  1197 | D:4      | Killed Duvessa
  1197 | D:4      | Reached skill level 5 in Axes
  1197 | D:4      | Reached XP level 5. HP: 35/47 MP: 4/4
  1216 | D:4      | Killed from afar by Dowan

Levels and vault maps discovered:
D:1:      dpeg_arrival_concentric_ovals, layout_basic, hex_intersection
D:2:      layout_basic
D:3:      layout_basic, chequers_ecumenical_altar_grove, first_ration,
          serial_bayou_lagoon_a, minmay_misc_feat_tiny,
          minmay_randomly_rotated_circles, uniq_terence
D:4:      layout_rooms, amethyst_overflow_temple_binary, uniq_duvessa

Skill      XL: |  1  2  3  4 |
---------------+-------------+-----
Axes           | 3 5 |  5.0
Fighting       | 4 |  4.8
Armour         | 4 |  4.7
Shields        | 4 |  4.8

Action                   |  1- 3 |  4- 6 || total
-------------------------+-------+-------++-------
Melee: War axe           |    30 |    38 ||    68
       Headbutt          |     4 |     6 ||    10
  Eat: Chunk             |       |     1 ||     1
Armor: Scale mail        |    15 |     6 ||    21
       Chain mail        |       |    19 ||    19
Dodge: Dodged            |     5 |    14 ||    19
Block: Kite shield       |    14 |    32 ||    46

Table legend:
 A = Non-vault XP
 B = Vault XP
 C = Vault XP percentage of total XP
 D = Non-vault monster count
 E = Vault monster count
 F = Vault count percentage of total count
                 A         B        C        D         E       F
            +---------+---------+-------+---------+---------+-------
      Total |     194 |     149 |  43.4 |      24 |       1 |   4.0
            +---------+---------+-------+---------+---------+-------
        D:1 |       1 |       0 |   0.0 |       1 |       0 |   0.0
        D:2 |      34 |       0 |   0.0 |       9 |       0 |   0.0
        D:3 |      16 |       0 |   0.0 |       3 |       0 |   0.0
        D:4 |     143 |     149 |  51.0 |      11 |       1 |   8.3
            +---------+---------+-------+---------+---------+-------
